AoeStats
← zar

Arabia

509538201Analyzed
4v4 RM · 6d ago on Sep 27, 2026· 40m 59s· 8 players
Game mode
Random Map
Map size
Large (8 player)
Population
200
Speed
Normal
Resources
Standard
Victory
Conquest
Starting age
Dark Age
Ending age
Imperial Age
RankedLock teamsTeams togetherTeam positionsShared explorationLock speedFull tech treeHidden civsTurbo modeCheats
Victory
Defeat
🇵🇪 Huns · Peru
1019
+14
🇮🇩 Celts · Indonesia
993
+15
🇦🇷 Franks · Argentina
974
+16
🇨🇳 Jurchens · China
934
+19
🇵🇪 Mongols · Peru
1029
-18
🇵🇪 Franks · Peru
976
-16
🇵🇪 Chinese · Peru
970
-16
🇵🇪 Khmer · Peru
943
-14
Mon Coeur
5:30 Loom
7:39 Feudal Age
8:15 Double-Bit Axe
19:54 Castle Age
18:38 Scale Barding Armor
19:07 Bloodlines
20:54 Bow Saw
22:33 Wheelbarrow
22:15 Horse Collar
30:29 Hand Cart
33:23 Imperial Age
31:09 Heavy Plow
31:24 Gold Mining
32:40 Chain Barding Armor
33:07 Forging
33:37 Stone Mining
33:50 Fletching
34:00 Padded Archer Armor
34:23 Ballistics
34:36 Conscription
35:02 Light Cavalry
36:41 Bodkin Arrow
37:15 Parthian Tactics
36:57 Thumb Ring
37:09 Leather Archer Armor
37:08 Husbandry
38:16 Bracer
38:18 Hussar
40:00 Iron Casting
zar
0:27 Loom
13:08 Feudal Age
17:39 Double-Bit Axe
21:18 Castle Age
22:57 Pikeman
24:02 Forging
24:57 Squires
26:41 Padded Archer Armor
29:36 Horse Collar
30:52 Crossbowman
34:42 Fortified Wall
Skynet
10:57 Feudal Age
9:18 Loom
11:04 Feudal Age
13:07 Town Watch
15:29 Double-Bit Axe
19:10 Castle Age
19:25 Castle Age
21:02 Forging
21:00 Scale Barding Armor
20:58 Husbandry
21:46 Gold Mining
23:53 Iron Casting
23:38 Chain Barding Armor
24:32 Wheelbarrow
28:49 Fletching
29:16 Bow Saw
29:46 Wheelbarrow
34:33 Imperial Age
33:52 Gold Shaft Mining
34:45 Cavalier
37:36 Blast Furnace
37:11 Plate Barding Armor
38:47 Conscription
olavidps
7:26 Loom
12:53 Feudal Age
13:43 Double-Bit Axe
16:39 Castle Age
16:12 Gold Mining
18:26 Bow Saw
21:53 Bloodlines
23:12 Gold Shaft Mining
22:23 Horse Collar
27:23 Stone Mining
30:08 Forging
30:05 Scale Barding Armor
35:49 Imperial Age
33:10 Town Watch
34:19 Wheelbarrow
37:21 Cavalier
38:02 Husbandry
38:28 Chain Barding Armor
38:44 Iron Casting
LORD PETER
0:36 Loom
11:48 Feudal Age
20:35 Castle Age
19:15 Double-Bit Axe
20:08 Fletching
20:20 Padded Archer Armor
20:06 Horse Collar
22:20 Bodkin Arrow
22:41 Leather Archer Armor
23:27 Scale Barding Armor
24:12 Bow Saw
23:49 Pikeman
25:58 Forging
25:49 Scale Mail Armor
28:16 Gold Mining
28:20 Stone Mining
28:59 Bow Saw
30:22 Ballistics
31:15 Heavy Plow
33:34 Gold Shaft Mining
34:25 Town Watch
37:11 Imperial Age
37:06 Chain Barding Armor
37:01 Chain Mail Armor
37:22 Iron Casting
39:33 Chemistry
38:36 Bracer
41:52 Blast Furnace
41:27 Plate Barding Armor
41:26 Parthian Tactics
笙箫楠兮
7:42 Loom
11:05 Feudal Age
16:39 Double-Bit Axe
16:36 Horse Collar
19:53 Castle Age
22:19 Bow Saw
22:10 Heavy Plow
28:38 Wheelbarrow
29:26 Gold Mining
29:56 Hand Cart
30:53 Forging
30:44 Scale Mail Armor
31:30 Gold Shaft Mining
30:47 Stone Mining
34:34 Imperial Age
32:26 Fortified Wall
31:56 Treadmill Crane
32:53 Stone Shaft Mining
32:57 Iron Casting
32:29 Scale Barding Armor
34:25 Husbandry
34:37 Bloodlines
35:48 Crop Rotation
36:21 Chemistry
35:42 Ballistics
35:32 Masonry
35:27 Siege Engineers
35:48 Chain Barding Armor
36:31 Two-Man Saw
36:33 Blast Furnace
37:10 Plate Barding Armor
36:43 Elite Steppe Lancer
38:52 Conscription
39:34 Fortified Bastions
axelinho 123836
6:06 Loom
9:26 Feudal Age
10:01 Double-Bit Axe
16:45 Wheelbarrow
16:14 Gold Mining
20:05 Castle Age
18:18 Stone Mining
19:35 Scale Barding Armor
19:41 Forging
21:33 Gold Shaft Mining
21:24 Husbandry
23:44 Bow Saw
25:55 Hand Cart
27:06 Chain Barding Armor
28:20 Iron Casting
35:29 Imperial Age
35:41 Cavalier
37:02 Plate Barding Armor
37:28 Blast Furnace
35:52 Elite Throwing Axeman
36:43 Chivalry
37:04 Paladin
38:03 Light Cavalry
41:20 Chemistry
muhaliefr06
9:44 Loom
11:31 Feudal Age
13:16 Wheelbarrow
12:33 Double-Bit Axe
15:33 Loom
19:20 Castle Age
17:25 Horse Collar
18:16 Stone Mining
20:26 Hand Cart
23:22 Bow Saw
24:41 Stone Shaft Mining
23:59 Gold Mining
26:02 Gold Shaft Mining
26:08 Stone Shaft Mining
32:54 Imperial Age
32:20 Light Cavalry
33:00 Husbandry
33:13 Scale Mail Armor
33:25 Forging
33:22 Scale Barding Armor
33:20 Heavy Plow
34:13 Ballistics
33:47 Gambesons
33:50 Arson
33:28 Pikeman
34:12 Caravan
34:45 Conscription
35:31 Elite Skirmisher
35:35 Halberdier
36:33 Chain Mail Armor
36:53 Iron Casting
36:39 Chain Barding Armor
37:12 Furor Celtica
37:10 Heavy Scorpion
37:35 Hussar
39:59 Blast Furnace
39:30 Plate Mail Armor
Connection lost

Rejoining the realm…

Still unreachable

The connection could not be restored.

Session expired

The server has moved on; the page needs a fresh start.